 Dungeon Sprint DCSS version 0.21-a0-331-gfb491b4 (webtiles) character file.

24721 potatolord6000 the Martial Artist (level 13, 0/210 HPs)
             Began as a Gnoll Transmuter on Sept 29, 2017.
             Was the Champion of Sif Muna.
             Slain by an emperor scorpion (14 damage)
             ... in the Dungeon (Sprint VII: "The Pits") on Oct 2, 2017.
             The game lasted 00:19:43 (3172 turns).

potatolord6000 the Martial Artist (GnTm)            Turns: 3172, Time: 00:19:44

Health: 0/210      AC:  8    Str: 20    XL:     13   Next: 15%
Magic:  2/30       EV: 21    Int: 19    God:    Sif Muna [******]
Gold:   11         SH:  0    Dex: 15    Spells: 15/38 levels left

rFire    . . .     SeeInvis .     - Unarmed
rCold    . . .     Gourm    .   (shield currently unavailable)
rNeg     . . .     Faith    .   (armour currently unavailable)
rPois    +         Spirit   .   (helmet currently unavailable)
rElec    .         Reflect  .   (cloak currently unavailable)
rCorr    .         Harm     .   (gloves currently unavailable)
MR       .....     NoTele   +   (boots currently unavailable)
Stlth    ..........             (no amulet)
HPRegen  0.45/turn              a - +3 ring of evasion
MPRegen  0.22/turn              b - +3 ring of evasion

@: mighty, berserking, hydra-form (expiring), very slightly contaminated, very
quick
A: distributed training, strong nose
a: End Transformation, Divine Energy, Channel Magic, Forget Spell, Renounce
Religion


You were in the Dungeon.
You worshipped Sif Muna.
Sif Muna was exalted by your worship.
You were not hungry.
You were a six-headed hydra.
You visited 1 branch You collected 11 gold pieces.

Inventory:

Hand Weapons
 u - the +4 quarterstaff of Sonug (melded) {crush, rC++}
   (You found it in the Dungeon)

   It inflicts extra damage upon your enemies.
   It greatly protects you from cold.
Armour
 j - a +0 pair of gloves (melded)
 s - a +5 ring mail (melded)
Jewellery
 a - a +3 ring of evasion (left foreclaw)
 b - a +3 ring of evasion (right foreclaw)
 g - the amulet "Senlocal" {+Rage SInv}
   (You found it in the Dungeon)

   [amulet of rage]

   It lets you see invisible.
   It lets you go berserk.
Scrolls
 k - 2 scrolls of identify
 m - 3 scrolls of remove curse
 n - 5 scrolls of amnesia
 o - a scroll of summoning
 r - 4 scrolls of enchant weapon
 w - 2 scrolls of recharging
 x - 2 scrolls of fog
 y - a scroll of fear
Potions
 e - 6 potions of curing
 h - 4 potions of magic
 v - 2 potions of brilliance
 A - a potion of resistance
Books
 c - a book of Changes

   Spells                             Type                      Level
   a - Beastly Appendage              Transmutation                1
   b - Sticks to Snakes               Transmutation                2
   c - Spider Form                    Transmutation/Poison         3
   d - Ice Form                       Ice/Transmutation            4
   e - Blade Hands                    Transmutation                5
Comestibles
 d - 8 bread rations
 p - 40 fruits
 q - 5 meat rations
 t - 6 royal jellies


   Skills:
 + Level 12.3 Fighting
 + Level 12.5 Short Blades
 + Level 11.5 Long Blades
 + Level 11.5 Axes
 + Level 12.1 Maces & Flails
 + Level 12.1 Polearms
 + Level 11.7 Staves
 + Level 12.1 Slings
 + Level 12.2 Bows
 + Level 11.8 Crossbows
 + Level 11.6 Throwing
 + Level 11.9 Armour
 + Level 12.7 Dodging
 + Level 12.1 Stealth
   Level 0.0 Stabbing
 + Level 12.6 Shields
   Level 0.0 Traps
 + Level 13.9 Unarmed Combat
 + Level 13.1 Spellcasting
 + Level 12.0 Conjurations
 + Level 11.8 Hexes
 + Level 12.1 Charms
 + Level 11.6 Summonings
 + Level 12.6 Necromancy
 + Level 11.5 Translocations
 + Level 12.7 Transmutations
 + Level 11.6 Fire Magic
 + Level 11.9 Ice Magic
 + Level 12.1 Air Magic
 + Level 12.0 Earth Magic
 + Level 12.2 Poison Magic
 + Level 12.0 Invocations
 + Level 11.6 Evocations


You had 15 spell levels left.
You knew the following spells:

 Your Spells              Type           Power        Failure   Level  Hunger
a - Beastly Appendage     Tmut           ######       1%          1    None
b - Ice Form              Ice/Tmut       ######..     1%          4    #......
c - Blade Hands           Tmut           ######....   1%          5    ####...
d - Spellforged Servitor  Conj/Summ      ######....   34%         7    #######
e - Hydra Form            Tmut           ######....   4%          6    ######.


Dungeon Overview and Level Annotations

Branches:
Dungeon (1/1)

Altars:
Ashenzari
Cheibriados
Dithmenos
Elyvilon
Fedhas
Gozag
Hepliaklqana
Kikubaaqudgha
Makhleb
Nemelex Xobeh
Okawaru
Qazlal
Ru
Sif Muna
Trog
Uskayaw
Vehumet
Wu Jian
Xom
Yredelemnul
Zin
The Shining One
Beogh
Jiyva
Lugonu


Innate Abilities, Weirdness & Mutations

Your experience applies equally to all skills.
((You have very sharp teeth.))
Your uncanny sense of smell can sniff out nearby items.


Message History

A red film seems to cover your vision as you go berserk!
You feel yourself moving faster!
You feel mighty!
The white imp disappears in a puff of smoke!
The iron imp misses you. The emperor scorpion stings you!
* * * LOW HITPOINT WARNING * * *
The emperor scorpion misses you. The emperor scorpion claws you.
* * * LOW HITPOINT WARNING * * *
The kobold demonologist looks encouraged for a moment.
A spriggan comes into view. It is wielding a rapier.
Unknown command.
Unknown command.
Unknown command.
You nip at the emperor scorpion.
The emperor scorpion is severely wounded.
You bite the kobold demonologist!
You gouge the iron imp!!
You kill the iron imp!
You chomp the iron imp!!!
You kill the iron imp!
The emperor scorpion stings you!
You die...

## #######..##..#....#..# #Z#
#.#..##........p.+ #p#∆ ∆
#4##..##..........+ ∆ #z#∆
∆#K#K#..####''####''# ∆ #v#∆#{#
#..####''####''### #(#.#
#..##......##.....
#######v######4.##.#:##.##.....
.........iZ4vK..##.#))+.##..###
........5pKzvsD.##.)))#.##..#∆∆
#####++###########.#}...##..#∆∆
#######++###########.+.)#.##..#
..............##..## ##+#.##..#
....#..#......##..# ##..#
..............''..# #..#
..............''..##########†.#
....#..#......##..............#∆∆
..............##..............#∆∆


You could see an emperor scorpion, a death knight, a skeletal warrior, an ice
devil, a rust devil, a kobold demonologist, a spriggan, 3 insubstantial wisps, a
white imp, a kobold and an adder skeleton.

Vanquished Creatures
  A bone dragon (D)
  An azure jelly (D)
  A nagaraja (D)
  2 ghost moths (D)
  An ice dragon (D)
  A vault guard (D)
  A hydra (D)
  2 two-headed ogres (D)
  5 skeletal warriors (D)
  2 deep trolls (D)
  Pikel (D)
  A phantasmal warrior (D)
  A wolf spider (D)
  3 elephants (D)
  A kobold demonologist (D)
  A komodo dragon (D)
  A rime drake (D)
  An ice devil (D)
  An efreet (D)
  A hellwing (D)
  A demonic crawler (D)
  A hornet (D)
  A wind drake (D)
  3 blink frogs (D)
  A tyrant leech (D)
  2 wandering mushrooms (D)
  A redback (D)
  A ynoxinul (D)
  2 wraiths (D)
  A wyvern (D)
  A water elemental (D)
  2 flying skulls (D)
  A large abomination (D)
  2 shadows (D)
  A chaos spawn (D)
  A fire elemental (D)
  Grum (D)
  2 hungry ghosts (D)
  A neqoxec (D)
  3 vampire mosquitoes (D)
  A soldier ant (D)
  An ice beast (D)
  A phantom (D)
  A centaur (D)
  5 wolves (D)
  A big kobold (D)
  A gnoll sergeant (D)
  A bullfrog (D)
  5 killer bees (D)
  2 crimson imps (D)
  A jelly (D)
  An orc priest (D)
  An orc wizard (D)
  2 worker ants (D)
  3 gnolls (D)
  3 ufetubi (D)
  An ooze (D)
  An adder zombie (D)
  5 orcs (D)
  2 bats (D)
  A bat zombie (D)
  A hobgoblin (D)
  A jackal (D)
  A bat simulacrum (D)
  A leopard gecko skeleton (D)
  2 rats (D)
104 creatures vanquished.

Vanquished Creatures (others)
  A hungry ghost (D)
  A slave (D)
  A killer bee (D)
  A quokka (D)
4 creatures vanquished.

Grand Total: 108 creatures vanquished

Notes
Turn   | Place    | Note
-------+----------+-------------------------------------------
     0 | D        | potatolord6000 the Gnoll Transmuter began the quest for the Orb.
     0 | D        | Reached XP level 1. HP: 17/17 MP: 6/6
    16 | D        | Reached skill level 1 in Bows
    16 | D        | Reached skill level 5 in Spellcasting
    16 | D        | Reached skill level 1 in Hexes
    16 | D        | Reached skill level 1 in Summonings
    16 | D        | Reached skill level 1 in Invocations
    48 | D        | Found a bloodstained altar of Trog.
    48 | D        | Found a deep blue altar of Sif Muna.
    48 | D        | Found a viscous altar of Jiyva.
    48 | D        | Found a hazy altar of Hepliaklqana.
    48 | D        | Found an opulent altar of Gozag.
    49 | D        | Found a glowing golden altar of the Shining One.
    49 | D        | Found a glowing silver altar of Zin.
    49 | D        | Found a basalt altar of Yredelemnul.
    49 | D        | Found a shimmering altar of Xom.
    49 | D        | Found an ornate altar of the Wu Jian Council.
    49 | D        | Found a sacrificial altar of Ru.
    49 | D        | Found a stormy altar of Qazlal.
    49 | D        | Found an iron altar of Okawaru.
    49 | D        | Found a sparkling altar of Nemelex Xobeh.
    49 | D        | Found a burning altar of Makhleb.
    49 | D        | Found a blossoming altar of Fedhas.
    49 | D        | Found a white marble altar of Elyvilon.
    49 | D        | Found a shadowy altar of Dithmenos.
    49 | D        | Found a snail-covered altar of Cheibriados.
    51 | D        | Found a radiant altar of Vehumet.
    51 | D        | Found a corrupted altar of Lugonu.
    51 | D        | Found a roughly hewn altar of Beogh.
    53 | D        | Found an ancient bone altar of Kikubaaqudgha.
    53 | D        | Found a hide-covered altar of Uskayaw.
    53 | D        | Found a shattered altar of Ashenzari.
    54 | D        | Became a worshipper of Sif Muna the Loreminder
   164 | D        | Reached skill level 1 in Slings
   164 | D        | Reached skill level 1 in Ice Magic
   172 | D        | Reached skill level 1 in Short Blades
   172 | D        | Reached skill level 1 in Stealth
   177 | D        | Reached skill level 1 in Axes
   177 | D        | Reached skill level 1 in Maces & Flails
   177 | D        | Reached skill level 1 in Shields
   177 | D        | Reached skill level 1 in Fire Magic
   177 | D        | Reached skill level 1 in Poison Magic
   177 | D        | Reached skill level 1 in Evocations
   177 | D        | Reached XP level 2. HP: 16/23 MP: 6/8
   278 | D        | Noticed a gnoll sergeant
   283 | D        | Reached skill level 1 in Staves
   283 | D        | Reached skill level 1 in Charms
   283 | D        | Reached skill level 1 in Earth Magic
   284 | D        | Reached * piety under Sif Muna
   284 | D        | Reached XP level 3. HP: 28/28 MP: 7/9
   285 | D        | Reached skill level 1 in Polearms
   285 | D        | Reached skill level 1 in Necromancy
   285 | D        | Reached skill level 1 in Air Magic
   286 | D        | Reached skill level 5 in Dodging
   290 | D        | Killed a gnoll sergeant
   290 | D        | Reached skill level 1 in Armour
   290 | D        | Reached skill level 5 in Transmutations
   290 | D        | Reached XP level 4. HP: 15/35 MP: 8/11
   326 | D        | Learned a level 4 spell: Ice Form
   504 | D        | Noticed a slave
   505 | D        | Noticed a slave
   513 | D        | Noticed Pikel
   514 | D        | Noticed a wolf
   520 | D        | Reached ** piety under Sif Muna
   520 | D        | Reached XP level 5. HP: 41/42 MP: 10/13
   521 | D        | Noticed a slave
   529 | D        | Noticed a slave
   539 | D        | Killed Pikel
   539 | D        | Reached *** piety under Sif Muna
   539 | D        | Reached skill level 5 in Fighting
   539 | D        | Reached skill level 5 in Short Blades
   539 | D        | Reached skill level 5 in Long Blades
   539 | D        | Reached skill level 5 in Axes
   539 | D        | Reached skill level 5 in Maces & Flails
   539 | D        | Reached skill level 5 in Polearms
   539 | D        | Reached skill level 5 in Staves
   539 | D        | Reached skill level 5 in Slings
   539 | D        | Reached skill level 5 in Bows
   539 | D        | Reached skill level 5 in Throwing
   539 | D        | Reached skill level 5 in Stealth
   539 | D        | Reached skill level 5 in Shields
   539 | D        | Reached skill level 5 in Conjurations
   539 | D        | Reached skill level 5 in Hexes
   539 | D        | Reached skill level 5 in Charms
   539 | D        | Reached skill level 5 in Summonings
   539 | D        | Reached skill level 5 in Necromancy
   539 | D        | Reached skill level 5 in Translocations
   539 | D        | Reached skill level 5 in Fire Magic
   539 | D        | Reached skill level 5 in Ice Magic
   539 | D        | Reached skill level 5 in Air Magic
   539 | D        | Reached skill level 5 in Earth Magic
   539 | D        | Reached skill level 5 in Poison Magic
   539 | D        | Reached skill level 5 in Invocations
   539 | D        | Reached skill level 5 in Evocations
   539 | D        | Reached XP level 6. HP: 33/52 MP: 13/16
   539 | D        | Reached XP level 7. HP: 36/57 MP: 13/17
   546 | D        | Reached skill level 5 in Armour
   553 | D        | Noticed a hungry ghost
   556 | D        | Noticed a flying skull
   568 | D        | Killed a flying skull
   568 | D        | Reached skill level 5 in Crossbows
   570 | D        | Killed a hungry ghost
   570 | D        | Reached XP level 8. HP: 32/65 MP: 16/19
   740 | D        | Learned a level 5 spell: Blade Hands
   746 | D        | Noticed a wraith
   750 | D        | Killed a wraith
   750 | D        | Reached **** piety under Sif Muna
   848 | D        | Noticed a blink frog
   848 | D        | Noticed a blink frog
   848 | D        | Noticed a blink frog
   848 | D        | Noticed a two-headed ogre
   852 | D        | Killed a two-headed ogre
   852 | D        | Reached ***** piety under Sif Muna
   852 | D        | Reached XP level 9. HP: 73/73 MP: 15/21
   853 | D        | Identified Sif Muna's Incunabulum of the Harmful Rocks (Sif Muna gifted it to you in the Dungeon)
   853 | D        | Received a gift from Sif Muna
   924 | D        | Got the +4 quarterstaff of Sonug {crush, rC++}
   991 | D        | Noticed a rime drake
   991 | D        | Noticed Grum
  1010 | D        | Killed a rime drake
  1010 | D        | Reached skill level 10 in Unarmed Combat
  1015 | D        | Killed Grum
  1077 | D        | Noticed a tyrant leech
  1082 | D        | Killed a tyrant leech
  1082 | D        | Reached XP level 10. HP: 63/82 MP: 3/23
  1281 | D        | Noticed a deep troll
  1293 | D        | Identified Sif Muna's Reference Book on Attacks (Sif Muna gifted it to you in the Dungeon)
  1293 | D        | Received a gift from Sif Muna
  1305 | D        | Learned a level 7 spell: Spellforged Servitor
  1322 | D        | Killed a deep troll
  1448 | D        | Noticed a phantasmal warrior
  1453 | D        | Killed a phantasmal warrior
  1453 | D        | Reached skill level 10 in Spellcasting
  1486 | D        | Noticed a two-headed ogre
  1493 | D        | Killed a two-headed ogre
  1493 | D        | Reached skill level 10 in Dodging
  1493 | D        | Reached skill level 10 in Transmutations
  1543 | D        | Noticed a nagaraja
  1545 | D        | Noticed a kobold demonologist
  1560 | D        | Killed a nagaraja
  1560 | D        | Received a gift from Sif Muna
  1560 | D        | Reached skill level 10 in Fighting
  1560 | D        | Reached skill level 10 in Necromancy
  1560 | D        | Reached XP level 11. HP: 65/90 MP: 22/25
  1570 | D        | Reached skill level 10 in Short Blades
  1571 | D        | Noticed a wolf spider
  1573 | D        | Identified Sif Muna's Incunabulum of Bewitching Translocation (Sif Muna gifted it to you in the Dungeon)
  1690 | D        | Killed a wolf spider
  1690 | D        | Reached skill level 10 in Shields
  1690 | D        | Reached skill level 10 in Poison Magic
  1695 | D        | Reached skill level 10 in Bows
  1757 | D        | Reached skill level 10 in Ice Magic
  1764 | D        | Reached skill level 10 in Invocations
  1769 | D        | Reached skill level 10 in Stealth
  1776 | D        | Received a gift from Sif Muna
  1776 | D        | Reached skill level 10 in Slings
  1779 | D        | Reached skill level 10 in Polearms
  1792 | D        | Reached skill level 10 in Charms
  1807 | D        | Reached skill level 10 in Throwing
  1807 | D        | Reached skill level 10 in Conjurations
  1807 | D        | Reached skill level 10 in Hexes
  1847 | D        | Identified the Almanac of the Creative Mountains (You found it in the Dungeon)
  2038 | D        | Reached skill level 10 in Air Magic
  2041 | D        | Reached skill level 10 in Maces & Flails
  2041 | D        | Reached skill level 10 in Staves
  2041 | D        | Reached skill level 10 in Crossbows
  2051 | D        | Reached skill level 10 in Earth Magic
  2055 | D        | Reached skill level 10 in Armour
  2057 | D        | Reached skill level 10 in Axes
  2225 | D        | Reached ****** piety under Sif Muna
  2237 | D        | Reached skill level 10 in Summonings
  2268 | D        | Killed a ghost moth
  2268 | D        | Received a gift from Sif Muna
  2268 | D        | Reached skill level 10 in Long Blades
  2268 | D        | Reached skill level 10 in Translocations
  2268 | D        | Reached skill level 10 in Fire Magic
  2268 | D        | Reached skill level 10 in Evocations
  2268 | D        | Reached XP level 12. HP: 79/99 MP: 0/27
  2457 | D        | Learned a level 6 spell: Hydra Form
  2893 | D        | Noticed a vault guard
  2893 | D        | Noticed a four-headed hydra
  2902 | D        | Killed a four-headed hydra
  2905 | D        | Killed a vault guard
  2980 | D        | Noticed an azure jelly
  2990 | D        | Killed an azure jelly
  2990 | D        | Identified Sif Muna's Catalogue of Warped Weightlessness (Sif Muna gifted it to you in the Dungeon)
  2990 | D        | Received a gift from Sif Muna
  3009 | D        | Got the amulet "Senlocal" {+Rage SInv}
  3127 | D        | Noticed an ice dragon
  3127 | D        | Noticed a bone dragon
  3127 | D        | Noticed an emperor scorpion
  3135 | D        | Noticed a death knight
  3142 | D        | Killed a bone dragon
  3144 | D        | Killed an ice dragon
  3144 | D        | Identified Sif Muna's Volume of Summoning (Sif Muna gifted it to you in the Dungeon)
  3144 | D        | Received a gift from Sif Muna
  3144 | D        | Reached XP level 13. HP: 100/108 MP: 1/29
  3161 | D        | Upgraded the game from 0.21-a0-314-gb3271ec to 0.21-a0-331-gfb491b4
  3163 | D        | Killed a ghost moth
  3172 | D        | Slain by an emperor scorpion

Vault maps used:
D:        pitsprint

Skill      XL: |  1  2  3  4  5  6  7  8  9 10 11 12 13 |
---------------+----------------------------------------+-----
Bows           | 1 2 3 5 6 7 9 10 12 | 12.2
Spellcasting   | 5 6 7 8 9 10 11 12 13 | 13.1
Hexes          | 1 2 3 5 6 7 9 10 11 | 11.8
Summonings     | 1 2 3 5 6 8 9 10 11 | 11.6
Invocations    | 1 2 3 5 7 8 9 10 11 12 | 12.0
Slings         | 1 2 3 5 6 7 9 10 11 12 | 12.1
Ice Magic      | 1 2 3 5 6 7 8 9 10 11 | 11.9
Short Blades   | 1 2 3 5 7 8 9 11 12 | 12.5
Stealth        | 1 2 3 5 7 9 10 12 | 12.1
Axes           | 1 2 3 5 6 7 9 10 11 | 11.5
Maces & Flails | 1 2 3 5 7 8 9 10 11 12 | 12.1
Shields        | 1 2 3 5 6 7 8 9 11 12 | 12.6
Fire Magic     | 1 2 3 5 6 7 8 10 11 | 11.6
Poison Magic   | 1 2 3 5 7 9 10 12 | 12.2
Evocations     | 1 2 5 6 7 9 10 11 | 11.6
Staves         | 1 2 5 6 7 9 10 11 | 11.7
Charms         | 1 2 3 5 6 7 8 9 10 11 12 | 12.1
Earth Magic    | 1 2 3 5 6 7 9 10 11 12 | 12.0
Polearms       | 2 5 6 7 9 10 12 | 12.1
Necromancy     | 2 3 5 6 7 8 10 11 12 | 12.6
Air Magic      | 2 3 5 7 8 9 10 11 12 | 12.1
Dodging        | 5 7 8 9 10 11 12 | 12.7
Fighting       | 3 4 5 6 7 8 10 12 | 12.3
Long Blades    | 2 3 5 6 7 9 10 11 | 11.5
Crossbows      | 2 4 5 6 7 9 10 11 | 11.8
Throwing       | 2 3 5 6 7 9 10 11 | 11.6
Armour         | 1 2 4 5 6 7 8 10 11 | 11.9
Unarmed Combat | 7 8 9 10 11 12 13 | 13.9
Conjurations   | 2 3 5 6 7 9 10 11 12 | 12.0
Translocations | 2 5 6 8 9 10 11 | 11.5
Transmutations | 5 7 8 9 10 11 12 | 12.7

Action                   |  1- 3 |  4- 6 |  7- 9 | 10-12 | 13-15 || total
-------------------------+-------+-------+-------+-------+-------++-------
Melee: Quarterstaff      |    16 |    32 |    18 |       |       ||    66
       Unarmed           |     3 |       |    43 |   199 |    17 ||   262
       Headbutt          |     2 |     1 |     1 |       |       ||     4
       Bite              |     1 |     2 |     1 |    21 |       ||    25
       Kick              |       |     6 |     3 |       |       ||     9
       Punch             |       |       |       |     4 |       ||     4
 Cast: Beastly Appendage |     4 |     1 |     1 |    17 |       ||    23
       Blade Hands       |       |       |     4 |     9 |       ||    13
       Ice Form          |       |       |     2 |       |       ||     2
       Hydra Form        |       |       |       |     4 |     1 ||     5
  Use: Potion            |     1 |     1 |     3 |    23 |     8 ||    36
       Scroll            |       |     1 |       |       |     1 ||     2
 Stab: Sleeping          |     1 |       |     1 |     3 |       ||     5
       Invisible         |       |       |       |    16 |       ||    16
  Eat: Meat ration       |       |       |     2 |     2 |       ||     4
Armor: Robe              |     2 |       |       |       |       ||     2
       Ring mail         |       |    14 |     7 |    50 |       ||    71
       Skin              |       |       |     4 |    11 |     7 ||    22
Dodge: Dodged            |    16 |    25 |    71 |   400 |    30 ||   542

Table legend:
 A = Spawn XP
 B = Non-spawn XP
 C = Spawn XP percentage of total XP
 D = Spawn monster count
 E = Non-spawn monster count
 F = Spawn count percentage of total count
 G = Total turns spent on level
                    A         B        C        D         E        F      G
               +---------+---------+-------+---------+---------+-------+---------
         Total |       0 |   35316 |   0.0 |       0 |     105 |   0.0 |  3172
               +---------+---------+-------+---------+---------+-------+---------
             D |       0 |   35316 |   0.0 |       0 |     105 |   0.0 |  3172
               +---------+---------+-------+---------+---------+-------+---------
